 Dungeon Crawl Stone Soup version 0.26-a0-639-g72c4674329 (webtiles) character file.

Game seed: 1553890437368058841

148184 marfer the Warrior (level 16, 0/160 HPs)
             Began as a Minotaur Berserker on Sept 25, 2020.
             Was a High Priest of Trog.
             Slain by the 27-headed Lernaean hydra (6 damage)
             ... on level 4 of the Swamp.
             The game lasted 02:38:12 (35814 turns).

marfer the Warrior (Minotaur Berserker)            Turns: 35814, Time: 02:38:12

Health: 0/160      AC: 30    Str: 31    XL:     16   Next: 93%
Magic:  24/24      EV:  8    Int:  5    God:    Trog [*****.]
Gold:   2206       SH: 22    Dex: 11    Spells: 15/15 levels left

rFire    + . .     SeeInvis +   o - +4 broad axe (flame)
rCold    . . .     Faith    .   V - +0 tower shield
rNeg     . . .     Spirit   .   S - +8 plate armour {ponderous}
rPois    +         Reflect  .   H - +2 hat {SInv}
rElec    .         Harm     .   Q - scarf {repulsion}
rCorr    .         Rampage  .   I - +0 pair of gloves
MR       +....                  j - +1 pair of boots
Stlth    ..........             (no amulet)
HPRegen  0.36/turn              X - ring of Internal Strife {rPois rF+ MP+9 Str-2}
MPRegen  0.19/turn              Y - +6 ring of strength

@: about to teleport, repel missiles, very slow
A: retaliatory headbutt, horns 2
a: Berserk, Trog's Hand, Brothers in Arms, Renounce Religion


You were on level 4 of the Swamp.
You worshipped Trog.
Trog was extremely pleased with you.
You visited 4 branches of the dungeon, and saw 27 of its levels.
You also visited: Gauntlet and Ice Cave.

You collected 3138 gold pieces.
You spent 932 gold pieces at shops.

Inventory:

Hand Weapons
 o - a +4 broad axe of flaming (weapon)
Missiles
 w - 5 datura-tipped darts (quivered)
 y - 8 curare-tipped darts
Armour
 j - a +1 pair of boots (worn)
 H - a +2 hat of see invisible (worn)
 I - a +0 pair of gloves (worn)
 J - the +0 buckler of Responsibility {rPois rF- rCorr}
   (You found it on level 5 of the Lair of Beasts)

   It makes you vulnerable to fire.
   It protects you from poison.
   It provides partial protection from all sources of acid and corrosion.
 Q - a scarf of repulsion (worn)
 S - a +8 plate armour of ponderousness (worn)
 V - a +0 tower shield (worn)
Jewellery
 a - an uncursed ring of protection from cold
 u - a +6 ring of strength
 z - an uncursed ring of ice
 L - an uncursed ring of ice
 T - an uncursed ring of flight
 W - the amulet of Laudisos {Regen+ MP+9 Str+3 Int-5 Dex+4}
   (You found it in an ice cave)

   [amulet of regeneration]

   It affects your strength (+3).
   It affects your intelligence (-5).
   It affects your dexterity (+4).
   It affects your magic capacity (+9).
   It increases your rate of regeneration.
 X - the ring of Internal Strife (left hand) {rPois rF+ MP+9 Str-2}
   (You found it in an ice cave)

   [ring of magical power]

   It affects your strength (-2).
   It protects you from fire.
   It protects you from poison.
   It affects your magic capacity (+9).
 Y - a +6 ring of strength (right hand)
Wands
 l - a wand of acid (15)
 v - a wand of random effects (106)
 x - a wand of digging (9)
 B - a wand of polymorph (27)
 D - a wand of flame (145)
 G - a wand of paralysis (11)
 O - a wand of enslavement (22)
 P - a wand of disintegration (12)
 Z - a wand of iceblast (15)
Scrolls
 b - a scroll of random uselessness {unknown}
 c - 16 scrolls of remove curse
 h - 9 scrolls of identify
 k - 3 scrolls of fear
 m - 5 scrolls of blinking
 n - 6 scrolls of teleportation
 q - 3 scrolls of immolation
 s - 6 scrolls of magic mapping
 K - a scroll of enchant weapon
 U - 3 scrolls of fog
Potions
 d - 4 potions of cancellation
 e - 2 potions of resistance
 f - 5 potions of lignification
 g - 7 potions of heal wounds
 i - 4 potions of berserk rage {unknown}
 r - 9 potions of curing
 t - 3 potions of magic
 A - 7 potions of haste
 C - 3 potions of flight
 E - 6 potions of invisibility
 F - 2 potions of mutation
 N - 2 potions of stabbing
Miscellaneous
 R - a box of beasts (3/3)


   Skills:
 * Level 19.1 Fighting
   Level 2.7 Long Blades
 + Level 16.8 Axes
 + Level 14.0 Armour
 + Level 4.1 Dodging
 - Level 0.2 Stealth
 * Level 16.5 Shields
 * Level 9.9 Evocations


You had 15 spell levels left.
You didn't know any spells.
Your spell library was empty.

Dungeon Overview and Level Annotations

Branches:
Dungeon (15/15)            Temple (0/1) D:7            Lair (6/6) D:8
  Swamp (4/4) Lair:3       Spider (0/4) Lair:2        Slime (0/5) Lair:5
    Orc (2/2) D:9             Elf (0/3) Orc:2        Vaults (0/5) D:13
 Depths (0/5) D:15          IceCv (visited)         Gauntlet (visited)

Altars:
Cheibriados
Elyvilon
Fedhas
Hepliaklqana
Nemelex Xobeh
Okawaru
Qazlal
Ru
Trog
Uskayaw
Vehumet
Xom
Yredelemnul
Zin
Beogh
Jiyva

Shops:
D:4 ***   D:7 [   D:12 *   Orc:1 ?   Orc:2 [((*

Portals:
Trove: D:12 (give horn of Geryon)

Annotations:
D:15 1 transporter, Omnid's ghost, journeyman MiFi
Swamp:2 Roxanne
Swamp:4 Lernaean hydra


Innate Abilities, Weirdness & Mutations

You reflexively headbutt those who attack you in melee.
You have a pair of horns on your head.


Message History

* * * LOW HITPOINT WARNING * * *
You block the 27-headed Lernaean hydra's attack.
The 27-headed Lernaean hydra bites you but does no damage.
You block the 27-headed Lernaean hydra's attack.
The 27-headed Lernaean hydra bites you but does no damage. x6
You block the 27-headed Lernaean hydra's attack.
The 27-headed Lernaean hydra bites you.
* * * LOW HITPOINT WARNING * * *
The 27-headed Lernaean hydra bites you but does no damage.
The 27-headed Lernaean hydra bites you.
* * * LOW HITPOINT WARNING * * *
The 27-headed Lernaean hydra bites you but does no damage. x4
You block the 27-headed Lernaean hydra's attack.
The 27-headed Lernaean hydra bites you!
* * * LOW HITPOINT WARNING * * *
The 27-headed Lernaean hydra barely misses you.
The 27-headed Lernaean hydra misses you.
The 27-headed Lernaean hydra bites you but does no damage. x2
The 27-headed Lernaean hydra bites you.
You die...

≈≈.#.♣♣ ♣♣.≈♣♣≈≈≈#....≈≈≈.♣≈≈≈≈
♣♣♣≈≈≈♣ ♣♣♣♣ ♣≈≈♣.....≈≈.≈.§≈≈
♣ ♣♣≈≈♣ ♣≈♣♣♣≈#.≈.≈≈...≈. ♣
♣♣♣♣ ♣♣ ♣≈≈..≈≈≈≈≈≈≈.≈.≈ # ####
≈.♣♣♣≈♣...♣.≈≈...≈≈
##≈####≈≈#### ≈.♣♣≈.≈.♣.§...≈.≈
≈≈≈≈≈≈≈≈≈≈≈D####.♣♣≈..≈≈≈.≈§♣≈.
≈.≈.≈≈≈≈≈..Dw#D≈......≈≈.♣♣♣♣♣≈
...≈......DkDD@...≈≈≈.♣≈≈♣♣ ♣♣
#≈≈.#≈.≈#≈≈DD##...♣≈..♣≈≈.♣♣♣♣♣
≈≈≈≈≈#.≈#w≈######.♣♣♣.♣♣.≈..♣♣≈
≈≈#≈#..≈≈### #≈.♣♣♣≈≈♣♣♣..≈.♣.
#≈≈.≈.≈≈ #≈.♣♣♣≈≈..♣...≈...
.≈≈≈≈≈.≈≈# #♣♣♣≈.≈♣....≈.♣..≈
≈≈≈#≈#≈≈≈≈ ♣≈≈#.♣♣≈≈...♣..≈.
#.≈.≈.#.# ♣≈≈≈.♣≈#≈.§.≈...♣
♣♣♣≈#≈≈.≈.≈≈.≈≈..


You could see the 27-headed Lernaean hydra, an eight-headed hydra, a four-headed
hydra, 5 swamp dragons, 2 swamp worms and a swamp drake.

Vanquished Creatures
  Jorgrun (Orc:1)
  Rupert (D:14)
  2 thorn hunters
  A fire giant (D:15)
  An orc warlord (Orc:2)
  A dire elephant (D:15)
  A minotaur (Gauntlet)
  Snorg (D:13)
  An ettin (Orc:1)
  Josephine (D:13)
  A yaktaur captain (D:9)
  Harold (D:10)
  A shambling mangrove (Swamp:2)
  13 hydras
  Fannar (Lair:1)
  4 vault guards (D:13)
  2 ice dragons (IceCv)
  A fire dragon (D:15)
  Erica (Lair:1)
  5 centaur warriors
  20 alligators
  4 death knights
  4 two-headed ogres
  2 tengu warriors
  Urug (D:10)
  An orc high priest (Orc:2)
  4 skeletal warriors
  3 spriggan druids
  A death drake (Gauntlet)
  A wizard (D:15)
  4 unseen horrors
  2 phantasmal warriors (D:14)
  2 swamp dragons
  2 orc knights (Orc:2)
  4 deep elf magi
  A wolf spider (D:9)
  3 cyclopes
  A wolf spider zombie (Gauntlet)
  17 ugly things
  2 orc sorcerers (Orc:2)
  11 slime creatures
  A spectral centaur (Gauntlet)
  4 manticores
  Maurice (D:13)
  5 black mambas
  A centaur zombie (D:14)
  12 elephants
  A gargoyle (D:12)
  3 centaur skeletons
  16 cane toads
  7 rime drakes
  Psyche (D:9)
  10 komodo dragons
  2 kobold demonologists
  6 freezing wraiths
  5 trolls
  4 tyrant leeches
  A harpy zombie (Gauntlet)
  2 tengu conjurers
  Grinder (D:5)
  A polar bear (Lair:6)
  11 hornets
  7 bog bodies
  Prince Ribbit (D:7)
  6 dream sheep
  11 hippogriffs
  12 blink frogs
  A spectral meliai (Gauntlet)
  A centaur simulacrum (D:14)
  A shadow (Swamp:1)
  6 wyverns
  43 yaks
  2 hogs (D:10)
  A ynoxinul (Gauntlet)
  A human (D:10)
  14 spriggans
  9 wraiths
  4 basilisks
  19 vampire mosquitoes
  5 wargs
  14 insubstantial wisps
  An acid dragon (D:14)
  A soldier ant (D:14)
  14 swamp worms
  11 water moccasins
  10 porcupines
  3 sky beasts
  7 swamp drakes
  22 ice beasts
  8 black bears
  29 orc warriors
  5 phantoms
  12 ogres
  4 boggarts (Lair:6)
  2 necrophages
  19 wolves (Lair:6)
  6 centaurs
  2 big kobolds
  14 crocodiles
  A gnoll sergeant (D:9)
  24 bullfrogs
  5 wyvern skeletons
  3 scorpions
  8 killer bees (D:9)
  27 wights
  2 howler monkeys
  3 bullfrog zombies
  6 hounds
  2 quasits
  27 orc priests
  4 jellies
  A bullfrog skeleton (D:5)
  17 orc wizards
  4 iron imps (Gauntlet)
  Ijyb (D:5)
  3 iguanas
  17 worker ants
  A hound zombie (D:6)
  A hound skeleton (D:4)
  2 worker ant zombies (D:5)
  8 gnolls
  8 adders
  2 shadow imps (D:5)
  5 white imps
  An ufetubus (D:8)
  3 oozes
  An adder skeleton (D:6)
  2 worms (D:2)
  A dart slug (D:3)
  5 leopard geckos
  108 orcs
  2 giant cockroaches
  9 hobgoblins
  8 jackals
  14 kobolds
  5 quokkas
  A ball python skeleton (D:5)
  9 bats
  6 frilled lizards
  7 goblins
  A leopard gecko zombie (D:6)
  A quokka simulacrum (D:9)
  A quokka skeleton (D:7)
  A quokka zombie (D:6)
  11 rats
  2 briar patches (Swamp:3)
  A plant (Gauntlet)
936 creatures vanquished.

Vanquished Creatures (collateral kills)
  An orc (Orc:2)
1 creature vanquished.

Vanquished Creatures (others)
  5 briar patches
  34 fungi
  38 plants
77 creatures vanquished.

Grand Total: 1014 creatures vanquished

Notes
Turn   | Place    | Note
-------+----------+-------------------------------------------
     0 | D:1      | marfer the Minotaur Berserker began the quest for the Orb.
     0 | D:1      | Reached XP level 1. HP: 19/19 MP: 0/0
   421 | D:1      | Reached XP level 2. HP: 27/27 MP: 1/1
   608 | D:1      | Reached skill level 4 in Fighting
  1433 | D:2      | Reached ** piety under Trog
  1433 | D:2      | Reached XP level 3. HP: 25/33 MP: 2/2
  2239 | D:3      | Found a white marble altar of Elyvilon.
  2271 | D:3      | Reached XP level 4. HP: 37/41 MP: 3/3
  2778 | D:3      | Found a hide-covered altar of Uskayaw.
  2787 | D:3      | Reached skill level 5 in Axes
  2795 | D:3      | Found a blossoming altar of Fedhas.
  3191 | D:4      | Found Liebruog's Assorted Antiques.
  3206 | D:4      | Reached *** piety under Trog
  3303 | D:4      | Found a basalt altar of Yredelemnul.
  3380 | D:4      | Found Hyzutzaix's Elemental Accessories.
  3401 | D:4      | Reached XP level 5. HP: 47/47 MP: 4/4
  3539 | D:4      | Reached skill level 5 in Fighting
  3579 | D:4      | Found an iron altar of Okawaru.
  3935 | D:4      | Found Jixatil's Assorted Antiques.
  4013 | D:4      | Found a white marble altar of Elyvilon.
  4170 | D:5      | Entered Level 5 of the Dungeon
  4219 | D:5      | Noticed Grinder
  4233 | D:5      | Paralysed by Grinder for 4 turns
  4245 | D:5      | Paralysed by Grinder for 5 turns
  4263 | D:5      | Killed Grinder
  4263 | D:5      | Reached XP level 6. HP: 51/56 MP: 5/5
  4484 | D:5      | Reached XP level 7. HP: 51/62 MP: 6/6
  4725 | D:5      | Reached skill level 6 in Fighting
  4850 | D:5      | Reached skill level 1 in Shields
  4999 | D:5      | Reached skill level 5 in Armour
  5204 | D:5      | Reached **** piety under Trog
  5211 | D:5      | Reached XP level 8. HP: 71/71 MP: 7/7
  5355 | D:5      | Reached skill level 7 in Fighting
  5486 | D:5      | Noticed Ijyb
  5493 | D:5      | Killed Ijyb
  5842 | D:6      | Reached skill level 8 in Fighting
  6036 | D:6      | Got an iridescent hand axe
  6099 | D:6      | Identified the +6 hand axe of Diet Blood {antimagic, rF+}
                  | (You found it on level 6 of the Dungeon)
  6275 | D:6      | Reached skill level 10 in Axes
  6402 | D:7      | Found a stormy altar of Qazlal.
  6425 | D:7      | Reached XP level 9. HP: 81/82 MP: 2/8
  6453 | D:7      | Reached skill level 9 in Fighting
  6724 | D:7      | Noticed Prince Ribbit
  6739 | D:7      | Killed Prince Ribbit
  6953 | D:7      | Found Fuje's Antique Armour Shop.
  6991 | D:7      | Reached skill level 1 in Evocations
  7150 | D:7      | Found a staircase to the Ecumenical Temple.
  7203 | D:7      | Found a sparkling altar of Nemelex Xobeh.
  7208 | D:7      | Found a snail-covered altar of Cheibriados.
  7212 | D:7      | Found a hazy altar of Hepliaklqana.
  7457 | D:8      | Reached skill level 10 in Fighting
  7494 | D:8      | Found a staircase to the Lair.
  7565 | D:8      | Found a bloodstained altar of Trog.
  7719 | D:8      | Found a radiant altar of Vehumet.
  7789 | D:8      | Reached ***** piety under Trog
  7887 | D:8      | Found an iron altar of Okawaru.
  8059 | D:8      | Reached XP level 10. HP: 91/93 MP: 3/9
  8405 | D:9      | Found a glowing silver altar of Zin.
  9086 | D:9      | Found a roughly hewn altar of Beogh.
  9086 | D:9      | Found a staircase to the Orcish Mines.
  9233 | D:9      | Noticed Psyche
  9240 | D:9      | Killed Psyche
  9739 | D:9      | Found a runed translucent door.
  9741 | D:9      | Noticed a skeletal warrior
  9756 | D:9      | Killed a skeletal warrior
  9782 | D:9      | Noticed a yaktaur captain
  9794 | D:9      | Noticed a skeletal warrior
  9796 | D:9      | Killed a yaktaur captain
  9796 | D:9      | Reached skill level 11 in Fighting
  9802 | D:9      | Killed a skeletal warrior
  9854 | D:9      | Noticed a wolf spider
  9862 | D:9      | Killed an unseen horror
  9862 | D:9      | Reached XP level 11. HP: 36/102 MP: 3/10
  9865 | D:9      | Killed a wolf spider
 10564 | D:9      | Found a sacrificial altar of Ru.
 10607 | D:10     | Entered Level 10 of the Dungeon
 10795 | D:10     | Received a gift from Trog
 11005 | D:10     | Noticed Urug
 11028 | D:10     | Killed Urug
 11497 | D:10     | Reached skill level 12 in Fighting
 11553 | D:10     | Killed an unseen horror
 11860 | D:10     | Noticed Harold
 11890 | D:10     | Killed Harold
 12076 | D:10     | Reached skill level 10 in Armour
 12362 | Lair:1   | Entered Level 1 of the Lair of Beasts
 12452 | Lair:1   | Reached skill level 5 in Shields
 12835 | Lair:1   | Reached XP level 12. HP: 113/113 MP: 3/11
 12929 | Lair:1   | Noticed Fannar
 12940 | Lair:1   | Killed Fannar
 12940 | Lair:1   | Reached skill level 13 in Fighting
 12971 | Lair:1   | Reached skill level 5 in Evocations
 13474 | Lair:1   | Noticed Erica
 13496 | Lair:1   | Killed Erica
 13896 | Lair:2   | Reached skill level 1 in Long Blades
 13928 | Lair:2   | Found a hole to the Spider Nest.
 14681 | Lair:2   | Identified a scroll of acquirement
 14681 | Lair:2   | Acquired a +2 broad axe of electrocution
 14789 | Lair:3   | Reached skill level 14 in Fighting
 14883 | Lair:3   | Noticed a four-headed hydra
 14899 | Lair:2   | Reached ****** piety under Trog
 14901 | Lair:2   | Killed a one-headed hydra
 15245 | Lair:3   | Noticed a six-headed hydra
 15254 | Lair:3   | Killed a two-headed hydra
 15325 | Lair:3   | Reached XP level 13. HP: 125/125 MP: 12/12
 15453 | Lair:3   | Found a staircase to the Swamp.
 15723 | Lair:4   | Reached skill level 15 in Axes
 16599 | Lair:5   | Got a smoking buckler
 16610 | Lair:5   | Identified the +0 buckler of Responsibility {rPois rF-
                  | rCorr} (You found it on level 5 of the Lair of Beasts)
 16791 | Lair:5   | Reached skill level 15 in Fighting
 17078 | Lair:5   | Found a viscous altar of Jiyva.
 17078 | Lair:5   | Found a staircase to the Slime Pits.
 17709 | Lair:6   | Entered Level 6 of the Lair of Beasts
 19362 | Lair:6   | Got a twisted scale mail
 19386 | Lair:6   | Received a gift from Trog
 19489 | Lair:6   | Paralysed by a hornet for 2 turns
 19861 | Lair:6   | Identified the +3 scale mail of the Fife {Int+4} (You found
                  | it on level 6 of the Lair of Beasts)
 19923 | Lair:6   | Reached XP level 14. HP: 130/136 MP: 13/13
 20755 | Orc:1    | Entered Level 1 of the Orcish Mines
 20755 | Orc:1    | Found Ycso Seu's Magic Scroll Boutique.
 20855 | Orc:1    | Noticed Jorgrun
 20866 | Orc:1    | Killed Jorgrun
 20866 | Orc:1    | Reached skill level 16 in Fighting
 21115 | Orc:1    | Bought a scroll of identify for 32 gold pieces
 21115 | Orc:1    | Bought a scroll of enchant armour for 120 gold pieces
 21115 | Orc:1    | Bought a scroll of identify for 32 gold pieces
 21137 | Orc:2    | Entered Level 2 of the Orcish Mines
 21389 | Orc:2    | Found a roughly hewn altar of Beogh.
 21397 | Orc:2    | Received a gift from Trog
 21403 | Orc:2    | Found Xeupouge's Assorted Antiques.
 21745 | Orc:2    | Found a roughly hewn altar of Beogh.
 21824 | Orc:2    | Reached skill level 10 in Shields
 22183 | Orc:2    | Found a roughly hewn altar of Beogh.
 22186 | Orc:2    | Found Sameib's Antique Weapon Shop.
 22218 | Orc:2    | Found a staircase to the Elven Halls.
 22264 | Orc:2    | Paralysed by an orc sorcerer for 3 turns
 22441 | Orc:2    | Paralysed by an orc sorcerer for 5 turns
 22595 | Orc:2    | Noticed an orc warlord
 22610 | Orc:2    | Killed an orc warlord
 22610 | Orc:2    | Received a gift from Trog
 22907 | Orc:2    | Found Jilenuan's Antique Weapon Shop.
 22908 | Orc:2    | Found a roughly hewn altar of Beogh.
 22911 | Orc:2    | Found Wuxtom's Antique Armour Boutique.
 22929 | Orc:2    | Bought a glowing scarf for 176 gold pieces
 22929 | Orc:2    | Bought a shiny plate armour for 572 gold pieces
 23743 | D:11     | Found a frozen archway.
 23751 | IceCv    | Entered an ice cave
 23952 | IceCv    | Got a coiled lead amulet
 23956 | IceCv    | Got a transparent turquoise ring
 23996 | IceCv    | Identified the amulet of Laudisos {Regen+ MP+9 Str+3 Int-5
                  | Dex+4} (You found it in an ice cave)
 23996 | IceCv    | Lost intelligence.
 24031 | IceCv    | Identified the ring of Internal Strife {rPois rF+ MP+9
                  | Str-2} (You found it in an ice cave)
 25110 | D:12     | Found a portal to a secret trove of treasure.
 25327 | D:12     | Received a gift from Trog
 25564 | D:12     | Found Duvoihuc's General Store.
 25919 | D:13     | Noticed Josephine
 25950 | D:13     | Killed Josephine
 25950 | D:13     | Reached skill level 17 in Fighting
 25979 | D:13     | Noticed Snorg
 25998 | D:13     | Killed Snorg
 26055 | D:13     | Found a shimmering altar of Xom.
 26090 | D:13     | Paralysed by a deep elf mage for 6 turns
 26110 | D:13     | Reached XP level 15. HP: 147/147 MP: 14/14
 26182 | D:13     | Found a gate to the Vaults.
 26194 | D:13     | Noticed Maurice
 26208 | D:13     | Killed Maurice
 26263 | D:13     | Found a gate leading to a gauntlet.
 26270 | Gauntlet | Entered a Gauntlet
 26270 | Gauntlet | Found a transporter.
 26279 | Gauntlet | Found a transporter.
 26281 | Gauntlet | Found a transporter.
 26303 | Gauntlet | Found a transporter.
 26321 | Gauntlet | Found a transporter.
 26323 | Gauntlet | Found a transporter.
 26331 | Gauntlet | Found a runed translucent gate.
 26331 | Gauntlet | Found a runed translucent gate.
 26331 | Gauntlet | Found a runed translucent gate.
 26338 | Gauntlet | Found a transporter.
 26355 | Gauntlet | Found a transporter.
 26365 | Gauntlet | Found a transporter.
 26379 | Gauntlet | Found a transporter.
 26385 | Gauntlet | Found a transporter.
 26387 | Gauntlet | Found a transporter.
 26389 | Gauntlet | Found a transporter.
 26471 | Gauntlet | Found a transporter.
 26988 | Gauntlet | Got a sparkling golden amulet
 27017 | Gauntlet | Identified the cursed +1 battleaxe of Perversion {freeze,
                  | rElec Str+4}
 27018 | Gauntlet | Found the +3 robe of Folly {Archmagi, MR-- Int+5}
 27038 | Gauntlet | Identified Ceelaul's Handbook of Unstable Arcane Weapons
 27054 | D:13     | Identified the amulet of Ogagoege {Spirit rF+} (You found
                  | it in a Gauntlet)
 27995 | D:14     | Received a gift from Trog
 28679 | D:14     | Noticed Rupert
 28680 | D:14     | Paralysed by Rupert for 3 turns
 28688 | D:14     | Killed Rupert
 28720 | D:14     | Reached skill level 18 in Fighting
 28919 | D:15     | Entered Level 15 of the Dungeon
 29314 | D:15     | Received a gift from Trog
 29572 | D:15     | Found a transporter.
 29583 | D:15     | Noticed Omnid's ghost (journeyman MiFi)
 29585 | D:15     | Identified the +5 great mace "Peduy" {flame, Str+4}
 29585 | D:15     | Noticed a fire giant
 29586 | D:15     | Found the +9 staff of Olgreb {rPois∞}
 29595 | D:15     | Found a transporter.
 29681 | D:15     | Killed a fire giant
 29687 | D:15     | Reached XP level 16. HP: 38/157 MP: 15/15
 29689 | D:15     | HP: 5/157 [ettin/+0 dire flail (18)]
 30243 | D:15     | Found a staircase to the Depths.
 30266 | D:15     | Reached skill level 15 in Shields
 30835 | Swamp:1  | Entered Level 1 of the Swamp
 32569 | Swamp:2  | Noticed Roxanne
 34182 | Swamp:3  | Noticed a thorn hunter
 34205 | Swamp:3  | Killed a thorn hunter
 34232 | Swamp:3  | Reached skill level 19 in Fighting
 34527 | Swamp:4  | Entered Level 4 of the Swamp
 35286 | Swamp:4  | Noticed a thorn hunter
 35301 | Swamp:4  | Killed a thorn hunter
 35804 | Swamp:4  | Noticed the 27-headed Lernaean hydra
 35814 | Swamp:4  | HP: 6/160 [the 27-headed Lernaean hydra (10)]
 35814 | Swamp:4  | Slain by the 27-headed Lernaean hydra

Illustrated notes

Levels and vault maps discovered:
D:1:      evilmike_arrival_crescent, layout_basic
D:2:      layout_loops_cross
D:3:      layout_basic, lemuel_crystal_altar, nicolae_overflow_crystal_walls,
          elyvilon_altar_3
D:4:      layout_loops_ring, kennysheep_ying_yang, serial_shops,
          kennysheep_little_box, nicolae_shop_crystal, mrwooster_statue_mirror,
          nicolae_elemental_shop, grunt_ministairs_9, okawaru_ov_weapons_minmay
D:5:      layout_loops_ring, minmay_increasing_density, uniq_grinder, uniq_ijyb
D:6:      layout_rooms
D:7:      layout_basic, minitemple, grunt_qazlal_clouds,
          minmay_temple_entry_enclosed_plants, serial_shops,
          nicolae_shop_competitors_out_of_business, uniq_prince_ribbit1
D:8:      layout_basic, overflow_temple_1_default, trog_ov_bears_minmay,
          lemuel_crystal_altar, lair_entry_dummy
D:9:      layout_basic, zin_academy, nicolae_ru_path_of_blood, david_orc_5,
          minivault_13, uniq_psyche
D:10:     layout_long_grid, chequers_serial_rivers_marsh, grunt_livestock,
          uniq_harold, uniq_urug
D:11:     layout_gridville, portal_ice_cave_rime, minmay_tree_intersection,
          serial_bayou_pond_c, chequers_serial_rivers_small_a
D:12:     layout_loops_corners, serial_shops, kennysheep_mini_moat,
          nicolae_trove_entry_diagonal
D:13:     layout_loops_ring, lightli_vaults_fourway_checkpoint,
          gauntlet_entry_generic, xom_teletrap_fun, uniq_snorg, uniq_josephine,
          uniq_maurice
D:14:     layout_long_grid, uniq_rupert
D:15:     hangedman_depths_entry_try_elsewhere_first, layout_irregular_city,
          gammafunk_ghost_smash, minmay_strange_pillars,
          minmay_misc_feat_four_crosses
Lair:1:   layout_regular_city, st_stairs_8, serial_bayou_shore_a, uniq_fannar,
          uniq_erica
Lair:2:   layout_cave_pods, spider_nest_entry_web_field
Lair:3:   layout_big_grid, minmay_swamp_entry_worms
Lair:4:   layout_gridlike, lemuel_fruit_tree, grunt_megastairs_5
Lair:5:   layout_cave_pods, slime_altar_1, lemuel_fruit_fields,
          grunt_megastairs_4, serial_bayou_shore_b, serial_bayou_shore_b
Lair:6:   minmay_lair_end_enchanted_forest, layout_big_grid
Swamp:1:  layout_falls_marsh, evilmike_swamp_ruin_house_2, swamp_pool4,
          nicolae_swamp_dense_foliage
Swamp:2:  layout_falls_marsh, evilmike_swamp_ruin_house_1, uniq_roxanne
Swamp:3:  layout_basic_swamp, hangedman_swamp_ruin_wall, swamp_pool1
Swamp:4:  swamp_old_school, layout_basic_swamp, swamp_pool2,
          infiniplex_staircase_pool
Orc:1:    layout_caves, serial_shops, nicolae_shop_crystal,
          nicolae_orc_sculptors_studio, mines2_david, uniq_jorgrun,
          uniq_nergalle
Orc:2:    grunt_orc_community_town_hall, layout_caves,
          grunt_orc_community_big_house_1, grunt_orc_community_big_house_2,
          grunt_orc_community_house_3, grunt_orc_community_house_3,
          grunt_orc_community_house_2, grunt_orc_community_house_3,
          grunt_orc_community_house_1

Skill      XL: |  1  2  3  4  5  6  7  8  9 10 11 12 13 14 15 16 |
---------------+-------------------------------------------------+-----
Fighting       | 4 5 6 8 10 11 12 14 15 17 18 19 | 19.1
Axes           | 4 5 7 8 10 11 13 14 15 16 | 16.8
Armour         | 3 4 5 6 7 8 10 11 12 13 14 | 14.0
Shields        | 1 3 4 5 7 9 12 14 16 | 16.5
Evocations     | 1 3 4 6 7 8 9 |  9.9
Dodging        | 3 4 |  4.1
Long Blades    | 2 |  2.7
Stealth        | |  0.2

Action                   |  1- 3 |  4- 6 |  7- 9 | 10-12 | 13-15 | 16-18 || total
-------------------------+-------+-------+-------+-------+-------+-------++-------
Melee: Hand axe          |    94 |   114 |   258 |   521 |       |       ||   987
       Headbutt          |    11 |    17 |    66 |   135 |   241 |    98 ||   568
       Trident           |       |       |    95 |       |       |       ||    95
       Broad axe         |       |       |       |    48 |  1065 |   463 ||  1576
       Scimitar          |       |       |       |    20 |     8 |       ||    28
       War axe           |       |       |       |       |    20 |       ||    20
Throw: Dart              |       |       |       |       |     3 |       ||     3
Invok: Berserk           |       |     2 |     2 |    14 |    12 |       ||    30
Evoke: Wand              |       |       |       |       |       |    12 ||    12
  Use: Scroll            |     5 |     4 |     8 |    14 |     7 |     4 ||    42
       Potion            |       |       |       |     2 |     1 |       ||     3
 Stab: Sleeping          |     1 |       |       |       |       |       ||     1
       Distracted        |       |       |       |       |       |     1 ||     1
Armor: Animal skin       |    34 |     1 |       |       |       |       ||    35
       Plate armour      |       |    49 |   241 |   443 |   478 |   262 ||  1473
       Ring mail         |       |     3 |       |       |       |       ||     3
Dodge: Dodged            |    58 |    48 |   133 |   233 |   204 |   101 ||   777
       Repelled          |       |       |       |       |     5 |     6 ||    11
Block: Buckler           |     2 |    11 |    45 |   121 |    77 |       ||   256
       Tower shield      |       |       |       |       |   721 |   490 ||  1211
       Rpst.: Scimitar   |       |       |       |     2 |     1 |       ||     3

Table legend: (Time is in decaauts)
 A = Elapsed time spent in this place.
 B = Non-inter-level travel time spent in this place.
 C = Inter-level travel time spent in this place.
 D = Time resting spent in this place.
 E = Time spent auto-exploring this place.
 F = Levels seen in this place.
 G = Mean time per level.
                   A        B        C        D        E       F      G
               +--------+--------+--------+--------+--------+-----+--------+
         Total |  36909 |  35562 |   1347 |   7821 |  14064 |  29 | 1272.7 |
       Dungeon |  19025 |  18159 |    866 |   3414 |   9062 |  15 | 1268.3 |
          Lair |   8154 |   7828 |    326 |   2140 |   2708 |   6 | 1359.0 |
         Swamp |   5537 |   5423 |    114 |   1269 |   1841 |   4 | 1384.2 |
  Orcish Mines |   2867 |   2828 |     39 |    733 |    380 |   2 | 1433.5 |
      Ice Cave |    473 |    473 |      0 |    130 |      0 |   1 |  473.0 |
      Gauntlet |    852 |    852 |      0 |    133 |     71 |   1 |  852.0 |
               +--------+--------+--------+--------+--------+-----+--------+

Top non-repeatable levels by time:
  Lair:6: 2884 daAuts
   Orc:2: 2428 daAuts
     D:9: 2027 daAuts
    D:10: 1791 daAuts
    D:15: 1717 daAuts
 Swamp:2: 1600 daAuts
     D:8: 1507 daAuts
 Swamp:4: 1421 daAuts
 Swamp:3: 1420 daAuts
     D:1: 1406 daAuts
     D:5: 1384 daAuts
    D:14: 1322 daAuts
  Lair:2: 1226 daAuts
     D:4: 1196 daAuts
    D:13: 1173 daAuts
